AoeStats
← Rexan_

Nomad

508537204Analyzed
3v3 RM · 11d ago on Sep 22, 2026· 33m 16s· 6 players
Game mode
Random Map
Map size
210×210
Population
200
Speed
Normal
Resources
Standard
Victory
Conquest
Starting age
Dark Age
Ending age
Imperial Age
RankedLock teamsTeams togetherTeam positionsShared explorationLock speedFull tech treeHidden civsTurbo modeCheats
Victory
Defeat
🇦🇷 Random · Argentina
1203
+13
🇦🇷 Malians · Argentina
1195
+13
🇦🇷 Cumans · Argentina
1176
+14
🇺🇸 Random · United States
1151
-14
🇷🇺 Berbers · Russia
1134
-13
🇷🇺 Celts · Russia
1120
-13
Clueless Clown
8:10 Loom
12:44 Feudal Age
13:31 Double-Bit Axe
15:59 Horse Collar
17:28 Man-at-Arms
21:24 Castle Age
19:27 Stone Mining
20:03 Fletching
21:14 Gold Mining
lokki202
14:05 Loom
16:25 Feudal Age
18:52 Wheelbarrow
25:33 Castle Age
33:08 Castle Age
31:02 Double-Bit Axe
Rexan_
5:19 Loom
13:50 Feudal Age
15:01 Fishing Lines
17:46 Castle Age
17:12 Fletching
18:10 Double-Bit Axe
18:25 Town Watch
25:19 Bodkin Arrow
ju@mpi
3:51 Loom
14:18 Feudal Age
18:58 Castle Age
17:16 Stone Mining
19:04 Fletching
19:14 Gold Mining
19:55 Double-Bit Axe
22:21 Fishing Lines
28:53 Gillnets
29:35 Horse Collar
32:25 Wheelbarrow
PidoVAR
4:35 Loom
12:29 Feudal Age
17:17 Castle Age
15:59 Fishing Lines
16:49 Forging
16:32 Double-Bit Axe
18:26 Medium Warships
19:14 Gillnets
21:46 Bow Saw
22:59 Fletching
25:47 Ballistics
30:59 Guard Tower
34:25 Imperial Age
La Gorda de Anoche
3:17 Loom
15:21 Feudal Age
15:40 Man-at-Arms
16:06 Arson
17:06 Scale Mail Armor
18:35 Double-Bit Axe
20:03 Forging
25:34 Wheelbarrow
24:46 Town Watch
26:28 Fishing Lines
28:01 Gold Mining
28:01 Stone Mining
27:53 Horse Collar
30:52 Castle Age
30:56 Long Swordsman
31:37 Squires
31:07 Capped Ram
32:02 Gillnets
33:27 Iron Casting
33:08 Chain Mail Armor
Connection lost

Rejoining the realm…

Still unreachable

The connection could not be restored.

Session expired

The server has moved on; the page needs a fresh start.